 Dungeon Sprint DCSS version 0.29-a0-962-gc8bbfd0a37 (webtiles) character file.

Game seed: 3923408263237286223

800 wilfster70 the Fighter (level 7, -5/56 HPs)
             Began as a Gargoyle Fighter on July 30, 2022.
             Was an Initiate of Gozag.
             Slain by a red ugly thing (17 damage)
             ... in the Dungeon (Sprint IX: "|||||||||||||||||||||||||||||").
             The game lasted 00:02:07 (652 turns).

wilfster70 the Fighter (Gargoyle Fighter)            Turns: 652, Time: 00:02:08

Health: -5/56      AC: 17    Str: 20    XL:     7   Next: 90%
Magic:  7/7        EV: 10    Int: 13    God:    Gozag
Gold:   765        SH:  5    Dex:  9    Spells: 6/6 levels left

rFire   . . .      SeeInvis .   a - +0 flail (venom)
rCold   . . .      Faith    .   c - +0 buckler
rNeg    + . .      Spirit   .   m - +2 ring mail
rPois   ∞          Reflect  .   (no helmet)
rElec   +          Harm     .   l - +0 cloak
rCorr   .          Rampage  .   (no gloves)
Will    .....      NoTele   +   (no boots)
Stlth   ..........              (no amulet)
HPRegen 0.18/turn               n - +2 ring of protection
MPRegen 0.10/turn               b - +3 ring of intelligence

@: no status effects
A: sickness immunity, AC +4, negative energy resistance 1, electricity
resistance, torment resistance 1, petrification resistance
a: Renounce Religion, Potion Petition, Call Merchant, Bribe Branch


You were in the Dungeon.
You worshipped Gozag.
Gozag was pleased with you.
You visited 1 branch You collected 765 gold pieces.

Inventory:

Hand Weapons
 a - a +0 flail of venom (weapon)
Armour
 c - a +0 buckler (worn)
 l - a +0 cloak (worn)
 m - a +2 ring mail (worn)
Jewellery
 b - a +3 ring of intelligence (right hand)
 n - a +2 ring of protection (left hand)
Wands
 k - a wand of acid (10)
Scrolls
 i - 2 scrolls of amnesia
 j - 2 scrolls of blinking
Potions
 d - a potion of invisibility
 e - 3 potions of curing
 g - a potion of haste
 h - 4 potions of magic


   Skills:
 * Level 12.1 Fighting
 + Level 7.8 Maces & Flails
 + Level 8.9 Armour
 + Level 8.9 Shields


You had 6 spell levels left.
You didn't know any spells.
Your spell library was empty.

Dungeon Overview and Level Annotations

Branches:
Dungeon (1/1)

Altars:
Cheibriados
Dithmenos
Elyvilon
Fedhas
Gozag
Hepliaklqana
Kikubaaqudgha
Makhleb
Nemelex Xobeh
Okawaru
Qazlal
Ru
Sif Muna
Trog
Uskayaw
Vehumet
Wu Jian
Xom
Yredelemnul
Zin
The Shining One
Jiyva
Lugonu


Innate Abilities, Weirdness & Mutations

You are immune to sickness and miasma.
Your stone body is resilient. (AC +4)
You are immune to poison.
You resist negative energy. (rN+)
You are resistant to electric shocks. (rElec)
You are resistant to unholy torment.
You are immune to petrification.


Message History

The red ugly thing is moderately wounded.
The red ugly thing tentacle-slaps you but does no damage.
You barely miss the red ugly thing.
The red ugly thing is moderately wounded.
The red ugly thing closely misses you.
You hit the red ugly thing but do no damage.
The red ugly thing looks as sick as possible!
The red ugly thing is moderately wounded.
The red ugly thing tentacle-slaps you.
You are engulfed in flames!
You sock the red ugly thing!
The red ugly thing looks as sick as possible!
The red ugly thing is heavily wounded.
The red ugly thing misses you.
You completely miss the red ugly thing.
The red ugly thing is heavily wounded.
The red ugly thing tentacle-slaps you!
You are engulfed in flames!!
* * * LOW HITPOINT WARNING * * *
You barely miss the red ugly thing.
The red ugly thing is heavily wounded.
The red ugly thing closely misses you.
You sock the red ugly thing!
The red ugly thing is heavily wounded.
The red ugly thing tentacle-slaps you but does no damage.
The red ugly thing attacks as you move away!
The red ugly thing barely misses you.
The red ugly thing attacks as you move away!
The red ugly thing closely misses you.
The red ugly thing tentacle-slaps you but does no damage.
There is an open door to the Dungeon here.
You barely miss the red ugly thing.
The red ugly thing is severely wounded.
The red ugly thing tentacle-slaps you but does no damage.
You hit the red ugly thing.
The red ugly thing looks as sick as possible!
The red ugly thing is severely wounded.
The red ugly thing tentacle-slaps you.
* * * LOW HITPOINT WARNING * * *
You are engulfed in flames!
You die...
Your body crumbles into a pile of gold.

$
▓.▓
$
▓.▓
$ $
▓c▓
$
▓y▓
$ $
▓H▓
▓.▓
$
▓T▓
▓u▓
$
▓@▓
▓[▓
$
▓[▓
▓)▓
$
▓)▓
$
▓)▓
$
▓.▓
$
▓.▓
$
▓'▓


You could see a red ugly thing (extremely poisoned), a centaur warrior, a
manticore, a troll and a vampire mosquito.

Vanquished Creatures
  2 yaks (D)
  A wyvern (D)
  A centaur (D)
  A phantom (D)
  A gnoll sergeant (D)
  A necrophage (D)
  A jelly (D)
  An iguana (D)
  An orc wizard (D)
  A gnoll (D)
  An endoplasm (D)
  2 hobgoblins (D)
  A quokka (D)
  A bat (D)
16 creatures vanquished.

Notes
Turn   | Place    | Note
-------+----------+-------------------------------------------
     0 | D        | wilfster70 the Gargoyle Fighter began the quest for the
                  | Orb.
     0 | D        | Reached XP level 1. HP: 14/14 MP: 1/1
    13 | D        | Reached skill level 4 in Fighting
   123 | D        | Noticed a jelly
   123 | D        | Noticed a necrophage
   123 | D        | Noticed an iguana
   123 | D        | Noticed a phantom
   134 | D        | Killed a phantom
   135 | D        | Reached skill level 6 in Fighting
   135 | D        | Reached skill level 5 in Armour
   135 | D        | Reached skill level 5 in Shields
   135 | D        | Reached XP level 2. HP: 23/23 MP: 2/2
   135 | D        | Reached XP level 3. HP: 28/28 MP: 3/3
   135 | D        | Reached XP level 4. HP: 32/32 MP: 4/4
   146 | D        | Reached skill level 7 in Fighting
   146 | D        | Reached XP level 5. HP: 22/38 MP: 5/5
   152 | D        | Reached skill level 8 in Fighting
   152 | D        | Reached skill level 5 in Maces & Flails
   296 | D        | Found a snail-covered altar of Cheibriados.
   296 | D        | Found a shadowy altar of Dithmenos.
   296 | D        | Found a white marble altar of Elyvilon.
   296 | D        | Found a blossoming altar of Fedhas.
   296 | D        | Found an opulent altar of Gozag.
   297 | D        | Found a hazy altar of Hepliaklqana.
   298 | D        | Found a viscous altar of Jiyva.
   299 | D        | Found an ancient bone altar of Kikubaaqudgha.
   300 | D        | Found a corrupted altar of Lugonu.
   301 | D        | Found a burning altar of Makhleb.
   302 | D        | Found a sparkling altar of Nemelex Xobeh.
   303 | D        | Found an iron altar of Okawaru.
   304 | D        | Became a worshipper of Gozag Ym Sagoz the Greedy
   305 | D        | Found a stormy altar of Qazlal.
   306 | D        | Found a sacrificial altar of Ru.
   307 | D        | Found a shimmering blue altar of Sif Muna.
   308 | D        | Found a bloodstained altar of Trog.
   309 | D        | Found a hide-covered altar of Uskayaw.
   310 | D        | Found a radiant altar of Vehumet.
   311 | D        | Found an ornate altar of the Wu Jian Council.
   312 | D        | Found a shimmering altar of Xom.
   313 | D        | Found a basalt altar of Yredelemnul.
   314 | D        | Found a glowing silver altar of Zin.
   315 | D        | Found a glowing golden altar of the Shining One.
   361 | D        | Noticed a centaur
   361 | D        | Noticed a yak
   361 | D        | Noticed a wyvern
   361 | D        | Noticed a yak
   378 | D        | Killed a yak
   379 | D        | Reached skill level 10 in Fighting
   379 | D        | Reached XP level 6. HP: 35/48 MP: 6/6
   398 | D        | Killed a wyvern
   399 | D        | Reached skill level 11 in Fighting
   399 | D        | Reached XP level 7. HP: 15/54 MP: 7/7
   408 | D        | Killed a yak
   414 | D        | Reached skill level 12 in Fighting
   633 | D        | Noticed a vampire mosquito
   633 | D        | Noticed a centaur warrior
   633 | D        | Noticed a vampire mosquito
   633 | D        | Noticed a manticore
   633 | D        | Noticed a troll
   633 | D        | Noticed a red ugly thing
   652 | D        | Slain by a red ugly thing

Illustrated notes

Levels and vault maps discovered:
D:        linesprint [early_d, line_temple, items_1, d_10, items_2, lair_1,
          lair_end, items_3, orc_1, orc_end, items_4, d_15, swamp_1, shoals_1,
          snake_1, spider_1, d_20, vaults_1, items_5, swamp_end, shoals_end,
          snake_end, spider_end, vaults_end, d_27, items_6, zot_1, zot_end,
          crypt_end, forest_end, elf_end, slime_end, tomb_end, abyss_end,
          pan_hell_end]

Skill      XL: |  1  2  3  4  5  6  7 |
---------------+----------------------+-----
Fighting       | 6 7 10 11 12 | 12.1
Maces & Flails | 4 6 7 |  7.8
Armour         | 5 7 8 |  8.9
Shields        | 5 7 8 |  8.9

Action                   |  1- 3 |  4- 6 |  7- 9 || total
-------------------------+-------+-------+-------++-------
Melee: Flail             |    23 |    41 |    25 ||    89
  Use: Potion            |     1 |     5 |     1 ||     7
 Stab: Distracted        |       |     1 |       ||     1
Armor: Scale mail        |     7 |     6 |       ||    13
       Ring mail         |       |     7 |    15 ||    22
Dodge: Dodged            |    13 |    23 |    14 ||    50
Block: Buckler           |     2 |    10 |     3 ||    15

Table legend: (Time is in decaauts)
 A = Elapsed time spent in this place.
 B = Non-inter-level travel time spent in this place.
 C = Inter-level travel time spent in this place.
 D = Time resting spent in this place.
 E = Time spent auto-exploring this place.
 F = Levels seen in this place.
 G = Mean time per level.
                   A        B        C        D        E       F      G
               +--------+--------+--------+--------+--------+-----+--------+
         Total |    671 |    671 |      0 |    419 |      0 |   1 |  671.0 |
       Dungeon |    671 |    671 |      0 |    419 |      0 |   1 |  671.0 |
               +--------+--------+--------+--------+--------+-----+--------+

Top non-repeatable levels by time:
       D: 671 daAuts
